 Dungeon Crawl Stone Soup version 0.20-a0-983-g35de22d (webtiles) character file.

303899 M4edhros the Martial Artist (level 20, -40/195 HPs)
             Began as a Bultungin Necromancer on Apr 10, 2017.
             Was a High Priest of Cheibriados.
             Killed from afar by a lich (77 damage)
             ... with a crystal spear
             ... on level 3 of the Vaults.
             The game lasted 01:12:13 (11469 turns).

M4edhros the Martial Artist (BuNe)                 Turns: 11469, Time: 01:12:13

Health: -40/195    AC: 32    Str: 29    XL:     20   Next: 65%
Magic:  21/34      EV: 25    Int: 31    God:    Cheibriados [*****.]
Gold:   809        SH: 15    Dex: 31    Spells: 16/39 levels left

rFire    . . .     SeeInvis +     - Unarmed
rCold    . . .     Gourm    .   Y - +3 buckler of Surprise {MR+ Regen+}
rNeg     + . .     Faith    .   (armour currently unavailable)
rPois    ∞         Spirit   .   g - +2 hat
rElec    +         Reflect  .   S - +0 cloak of the Wumpus {rElec rC- Str+4}
rCorr    .         Harm     .   (gloves currently unavailable)
MR       ++...                  (boots currently unavailable)
Stlth    ++++......             h - amulet of regeneration
Regen    2.3/turn               (no ring)
MPRegen  0.3/turn               s - +3 ring of intelligence

@: statue-form, marked, regenerating, studying Throwing, very slow
A: short attention span, fangs 1, large bone plates 1, thin skeletal structure
1, see invisible, cold resistance 1, sense surroundings 1, electricity
resistance, MP-powered wands, strong nose
}: 3/15 runes: decaying, serpentine, silver
a: End Transformation, Bend Time, Temporal Distortion, Slouch, Step From Time,
Renounce Religion


You were on level 3 of the Vaults.
You worshipped Cheibriados.
Cheibriados was extremely pleased with you.
You were not hungry.
You were a stone statue.
You visited 6 branches of the dungeon, and saw 33 of its levels.
You also visited: Sewer.

You collected 1865 gold pieces.
You spent 1056 gold pieces at shops.

Inventory:

Hand Weapons
 e - a +1 vampiric eveningstar
 w - a +0 blowgun
Armour
 g - a +2 hat (worn)
 v - the cursed +0 ring mail of Kunej (melded) {rC+}
   (You found it on level 2 of the Swamp)

   It protects you from cold.
   It has a curse placed upon it.
 E - a +2 pair of gloves (melded)
 L - a +0 pair of boots (melded)
 P - a +1 leather armour of fire resistance
 S - the +0 cloak of the Wumpus (worn) {rElec rC- Str+4}
   (You acquired it on level 1 of the Snake Pit)

   It affects your strength (+4).
   It makes you vulnerable to cold.
   It insulates you from electricity.
 Y - the +3 buckler of Surprise (worn) {MR+ Regen+}
   (You found it on level 3 of the Snake Pit)

   It affects your resistance to hostile enchantments.
   It increases your rate of regeneration.
 Z - the +9 plate armour of Ashenzari's Envy {*Slow rCorr SInv}
   (You found it on level 6 of the Lair of Beasts)

   It lets you see invisible.
   It protects you from acid and corrosion.
   It may slow you when you take damage.
Jewellery
 h - an amulet of regeneration (around neck)
 l - an uncursed ring of fire
 s - a +3 ring of intelligence (right hand)
 u - the ring "Mofis" {-Tele rPois Dex+8}
   (You found it on level 4 of the Swamp)

   [ring of poison resistance]

   It affects your dexterity (+8).
   It protects you from poison.
   It prevents most forms of teleportation.
Wands
 F - a wand of disintegration (10/24)
 I - a wand of iceblast (10/15)
 K - a wand of disintegration (7/24)
 N - a wand of confusion (48/48)
 R - a wand of lightning (3/15)
 V - a wand of clouds (5/9)
Scrolls
 j - 3 scrolls of noise
 k - 4 scrolls of fear
 n - 12 scrolls of teleportation
 y - a scroll of amnesia
 B - 3 scrolls of fog
 D - 4 scrolls of torment
 J - 3 scrolls of identify
 T - 4 scrolls of immolation
Potions
 i - a potion of might {unknown}
 m - 9 potions of heal wounds
 o - 9 potions of curing
 p - 7 potions of brilliance
 r - a potion of agility
 x - a potion of cancellation {unknown}
 z - 4 potions of flight
 A - a potion of berserk rage {unknown}
 G - a potion of magic
 W - a potion of resistance
Books
 b - a book of Necromancy

   Spells                             Type                      Level
   a - Pain                           Necromancy                   1
   b - Animate Skeleton               Necromancy                   1
   c - Vampiric Draining              Necromancy                   3
   d - Regeneration                   Charms/Necromancy            3
   e - Animate Dead                   Necromancy                   4
   f - Control Undead                 Necromancy                   4
 f - a manual of Throwing
 C - a book of Ice

   Spells                             Type                      Level
   a - Ice Form                       Ice/Transmutation            4
   b - Metabolic Englaciation         Hexes/Ice                    5
   c - Ozocubu's Refrigeration        Ice                          6
   d - Bolt of Cold                   Conjuration/Ice              6
   e - Freezing Cloud                 Conjuration/Ice/Air          6
   f - Simulacrum                     Ice/Necromancy               6
 H - a book of the Earth

   Spells                             Type                      Level
   a - Leda's Liquefaction            Hexes/Earth                  4
   b - Bolt of Magma                  Conjuration/Fire/Earth       5
   c - Statue Form                    Transmutation/Earth          6
   d - Iron Shot                      Conjuration/Earth            6
   e - Shatter                        Earth                        9
 O - a book of Clouds

   Spells                             Type                      Level
   a - Poisonous Vapours              Poison/Air                   2
   b - Mephitic Cloud                 Conjuration/Poison/Air       3
   c - Conjure Flame                  Conjuration/Fire             3
   d - Freezing Cloud                 Conjuration/Ice/Air          6
   e - Ring of Flames                 Charms/Fire                  7
Miscellaneous
 X - a lamp of fire
Comestibles
 a - 21 fruits
 c - 10 bread rations
 d - 2 royal jellies
 t - 8 meat rations


   Skills:
 + Level 11.0 Fighting
 - Level 10.7 Maces & Flails
 - Level 10.0 Armour
 + Level 11.0 Dodging
 - Level 4.0 Stealth
 - Level 7.4 Shields
 * Level 11.9 Unarmed Combat
 - Level 10.3 Spellcasting
 * Level 9.5 Charms
 - Level 7.2 Necromancy
 - Level 11.6 Transmutations
 * Level 9.0 Fire Magic
 - Level 3.0 Air Magic
 - Level 11.7 Earth Magic
 - Level 4.1 Poison Magic
 - Level 8.1 Invocations
 - Level 9.6 Evocations


You had 16 spell levels left.
You knew the following spells:

 Your Spells              Type           Power        Failure   Level  Hunger
a - Ring of Flames        Chrm/Fire      ######....   71%         7    ######.
c - Regeneration          Chrm/Necr      ######....   1%          3    None
d - Animate Dead          Necr           N/A          1%          4    None
e - Statue Form           Tmut/Erth      ######...    4%          6    #####..
f - Mephitic Cloud        Conj/Pois/Air  ####....     4%          3    None


Dungeon Overview and Level Annotations

Branches:
Dungeon (13/15)            Temple (1/1) D:7            Lair (6/6) D:10
  Swamp (4/4) Lair:2        Snake (4/4) Lair:3       Vaults (5/5) D:13
  Slime: Lair:5-6       Orc: D:9-12       Crypt: Vaults:2-3

Altars:
Cheibriados
Dithmenos
Elyvilon
Fedhas
Gozag
Kikubaaqudgha
Makhleb
Nemelex Xobeh
Okawaru
Qazlal
Sif Muna
Uskayaw
Vehumet
Xom

Shops:
D:5 *   Snake:1 }=}?   Vaults:5 %?%

Annotations:
D:10 Psyche
Vaults:5 WhatIsLove's ghost, adept HOMo


Innate Abilities, Weirdness & Mutations

You have a short attention span.
You have very sharp teeth.
You have supernaturally acute eyesight. (SInv)
Your uncanny sense of smell can sniff out nearby items.
(You are partially covered in large bone plates. (SH +4))
You have a somewhat thin skeletal structure. (Dex +2, Stealth)
Your flesh is cold resistant. (rC+)
You passively map a small area around you.
You are resistant to electric shocks. (rElec)
You expend magic power (3 MP) to strengthen your wands.


Message History

Unknown command.
You pound the lich into fine dust!!!
The lich is heavily damaged.
The lich gestures at you while chanting.
The crystal spear hits you!
* * * LOW HITPOINT WARNING * * *
The rakshasa closely misses you. The lich casts a spell at you.
You are unaffected.
Unknown command.
You feel much better.
The lich points at you and mumbles some strange words.
The bolt of acid misses you. You block the rakshasa's attack.
You block the lich's attack.
You pummel the lich!! You bite the lich.
The lich is severely damaged.
The rakshasa misses you. The lich casts a spell at you.
The crystal spear hits you!
You die...

........................
, ,,
........................
,
.........^..............
...............[........
...............)))......
* ...###########.)(#####
...#.........#)))#
...#.........#))(# , , ,
, ...#.........#..8# , ,
...#.........#.LR# , ,
.>.#..<......#..c# , ,
...#.........#...# , ,
...#.........#...# *
...#.........#.... ,
...#'#########.... , ,
............ .....
###########. , ,


You could see a lich, a yaktaur captain and a rakshasa.

Vanquished Creatures
  An ancient lich (Vaults:5)
  A golden dragon (Vaults:5)
  A lich (Vaults:3)
  Rupert (D:13)
  A tentacled monstrosity (Vaults:5)
  The ghost of Herrn the Impaler, an adept FoWn of Okawaru (Swamp:4)
  4 titans (Vaults:5)
  3 quicksilver dragons
  3 thorn hunters (Swamp:4)
  Kirke (Swamp:3)
  Agnes (Snake:4)
  A shadow dragon (Vaults:5)
  3 tengu reavers (Vaults:5)
  A storm dragon (Vaults:5)
  2 fire giants (Vaults:5)
  5 nagarajas (Snake:4)
  3 frost giants (Vaults:5)
  A deep elf sorcerer (Vaults:5)
  9 vault wardens
  5 ironheart preservers
  7 stone giants
  A war gargoyle (Vaults:5)
  A very ugly thing (Vaults:5)
  2 deep elf demonologists (Vaults:4)
  4 ettins (Vaults:5)
  7 yaktaur captains
  The ghost of Toogi the Cleaver, a journeyman HOFi of Zin (Lair:2)
  Erolcha (D:11)
  2 deep elf high priests (Vaults:5)
  16 hydras
  31 vault guards
  A ghost crab (Swamp:3)
  10 naga warriors
  7 alligators
  4 centaur warriors
  13 two-headed ogres
  3 ogre magi
  5 anacondas
  4 death yaks (Lair:6)
  5 naga sharpshooters
  6 shock serpents
  Urug (D:11)
  4 deep elf knights
  A shadow wraith (Vaults:3)
  A fire crab (shapeshifter) (Vaults:5)
  A spriggan druid (Swamp:4)
  An unseen horror (D:11)
  9 ironbrand convokers
  6 swamp dragons (Swamp:4)
  2 naga ritualists (Snake:3)
  4 shambling mangroves
  5 orc knights
  2 phantasmal warriors (Vaults:5)
  9 mana vipers
  2 wolf spiders
  7 deep elf magi
  A mana viper (shapeshifter) (Vaults:5)
  A cyclops (D:13)
  3 salamanders
  A manticore (shapeshifter) (Vaults:5)
  3 guardian serpents
  A torpor snail (Lair:6)
  4 naga magi
  17 black mambas
  10 vault sentinels
  11 spiny frogs
  2 gargoyles
  9 yaktaurs
  A kobold demonologist (D:12)
  3 freezing wraiths
  6 komodo dragons
  A rime drake (Lair:5)
  4 trolls
  11 hornets
  4 polar bears (Lair:6)
  4 tyrant leeches
  13 blink frogs
  3 hippogriffs
  14 slime creatures
  A snapping turtle (shapeshifter) (Vaults:5)
  4 bog bodies
  5 dream sheep (Lair:6)
  A redback (shapeshifter) (Vaults:5)
  2 shadows
  14 spriggans
  3 wyverns
  17 yaks
  2 basilisks
  16 humans (D:13)
  4 hogs (Swamp:3)
  6 vampire mosquitoes
  2 hungry ghosts
  A human simulacrum (Vaults:3)
  6 swamp worms
  25 nagas
  18 insubstantial wisps
  10 swamp drakes
  13 porcupines
  24 water moccasins
  3 orc warriors (Vaults:5)
  6 sky beasts
  2 ice beasts
  7 ogres
  3 black bears
  2 phantoms
  An eye of draining (D:9)
  4 boggarts (Lair:6)
  5 centaurs
  23 wolves
  3 big kobolds
  11 crocodiles
  6 bullfrogs
  3 scorpions
  6 killer bees
  9 wights
  An electric eel (Lair:5)
  A lava snake (Snake:1)
  4 crimson imps
  A quasit (D:10)
  2 jellies
  3 orc priests
  2 hounds
  7 orc wizards
  A centaur skeleton (D:5)
  4 iguanas
  5 worker ants
  A hound skeleton (D:5)
  A worker ant zombie (D:9)
  3 gnolls (D:9)
  23 adders
  7 river rats (Sewer)
  A shadow imp (D:9)
  An ooze (Sewer)
  An adder skeleton (D:5)
  An adder zombie (D:9)
  2 worms (D:3)
  2 dart slugs
  The ghost of M4edhros the Grave Robber, a weakling SpNe (D:3)
  9 leopard geckos
  32 orcs
  7 ball pythons
  7 giant cockroaches
  2 hobgoblins
  9 jackals
  34 kobolds
  2 quokkas
  3 bats
  A frilled lizard (Sewer)
  3 goblins (D:3)
  A leopard gecko zombie (D:8)
  19 rats
833 creatures vanquished.

Vanquished Creatures (collateral kills)
  3 nagarajas (Snake:4)
  Snorg (Lair:5)
  2 anacondas (Snake:1)
  3 naga warriors
  3 naga sharpshooters
  A spriggan druid (Swamp:3)
  A shambling mangrove (Swamp:4)
  2 naga ritualists (Snake:4)
  A mana viper (Snake:4)
  3 black mambas
  4 spiny frogs
  4 naga magi (Snake:3)
  2 komodo dragons (Lair:6)
  3 hornets
  2 blink frogs
  2 bog bodies
  A hippogriff (Lair:6)
  A spriggan (Lair:6)
  A basilisk (Lair:1)
  A hungry ghost (D:9)
  9 nagas
  3 water moccasins
  A porcupine (Lair:3)
  A swamp drake (Swamp:4)
  A black bear (Lair:6)
  4 wolves
  2 crocodiles
  2 wights
  3 lava snakes (Snake:1)
  An orc wizard (D:10)
  A howler monkey skeleton (D:9)
  6 adders
  An ooze (D:1)
  A worm (D:4)
  A leopard gecko (D:3)
  2 orcs (D:10)
  A goblin (D:1)
  A quokka (D:3)
  3 kobolds
  5 fungi (Lair:6)
  A plant (Lair:6)
91 creatures vanquished.

Vanquished Creatures (others)
  A titan (Vaults:5)
  A naga warrior (Snake:4)
  3 humans (Swamp:3)
  An ogre (Vaults:5)
  An orc warrior (Vaults:5)
  An orc (Vaults:5)
  9 fungi
  24 plants
41 creatures vanquished.

Grand Total: 965 creatures vanquished

Notes
Turn   | Place    | Note
-------+----------+-------------------------------------------
     0 | D:1      | M4edhros the Bultungin Necromancer began the quest for the Orb.
     0 | D:1      | Reached XP level 1. HP: 13/13 MP: 4/4
    63 | D:1      | Reached skill level 1 in Unarmed Combat
   136 | D:1      | Reached XP level 2. HP: 5/19 MP: 3/6
   148 | D:1      | Learned a level 1 spell: Animate Skeleton
   585 | D:2      | Reached XP level 3. HP: 22/24 MP: 2/7
   590 | D:2      | Learned a level 3 spell: Regeneration
   743 | D:3      | Noticed M4edhros's ghost (weakling SpNe)
   759 | D:3      | Killed M4edhros's ghost
   855 | D:3      | Reached skill level 1 in Fighting
   940 | D:3      | Reached XP level 4. HP: 32/32 MP: 4/8
  1116 | D:3      | Reached skill level 5 in Unarmed Combat
  1204 | D:3      | Reached XP level 5. HP: 38/39 MP: 3/9
  1289 | D:4      | Noticed an ogre
  1302 | D:4      | Killed an ogre
  1311 | D:4      | Noticed an ogre
  1335 | D:4      | Killed an ogre
  1335 | D:4      | Reached XP level 6. HP: 30/47 MP: 7/10
  1397 | D:5      | Entered Level 5 of the Dungeon
  1435 | D:5      | Reached skill level 5 in Dodging
  1474 | D:5      | Found a glowing drain.
  1519 | Sewer    | Entered a sewer
  1759 | Sewer    | Reached XP level 7. HP: 40/55 MP: 11/11
  2178 | D:5      | Found Kinexifo's Assorted Antiques.
  2184 | D:5      | Bought a pair of glowing gloves for 195 gold pieces
  2316 | D:5      | Reached skill level 5 in Fighting
  2339 | D:5      | Gained mutation: You are resistant to electric shocks. (rElec) [mutagenic meat]
  2340 | D:5      | Gained mutation: Your mind is acute. (Int +2) [mutagenic meat]
  2562 | D:6      | Reached XP level 8. HP: 62/64 MP: 12/12
  2845 | D:7      | Found a staircase to the Ecumenical Temple.
  2869 | Temple   | Entered the Ecumenical Temple
  2964 | Temple   | Became a worshipper of Cheibriados the Contemplative
  3142 | D:8      | Noticed a wyvern
  3170 | D:8      | Killed a wyvern
  3170 | D:8      | Reached XP level 9. HP: 28/72 MP: 8/13
  3241 | D:9      | Reached * piety under Cheibriados
  3255 | D:9      | Reached skill level 1 in Invocations
  3481 | D:9      | Noticed a two-headed ogre
  3489 | D:9      | Killed a two-headed ogre
  3489 | D:9      | Reached skill level 10 in Unarmed Combat
  3654 | D:9      | Gained mutation: You have a pair of small horns on your head. [mutagenic meat]
  3655 | D:9      | Gained mutation: You are partially covered in thin metallic scales. (AC +2) [mutagenic meat]
  3657 | D:9      | Gained mutation: You are partially covered in large bone plates. (SH +4) [mutagenic meat]
  3684 | D:9      | Reached XP level 10. HP: 80/80 MP: 15/15
  3687 | D:9      | Reached ** piety under Cheibriados
  3700 | D:10     | Entered Level 10 of the Dungeon
  3724 | D:10     | Gained mutation: You are robust. (+10% HP) [mutagenic meat]
  3846 | D:10     | Learned a level 4 spell: Animate Dead
  3894 | D:10     | Learned a level 6 spell: Statue Form
  3982 | D:10     | Noticed Psyche
  3998 | D:10     | Reached skill level 1 in Shields
  4000 | D:10     | Reached skill level 1 in Transmutations
  4000 | D:10     | Reached skill level 1 in Earth Magic
  4016 | D:10     | Reached *** piety under Cheibriados
  4030 | D:10     | Reached skill level 5 in Spellcasting
  4030 | D:10     | Reached skill level 5 in Invocations
  4053 | D:10     | Found a staircase to the Lair.
  4064 | Lair:1   | Entered Level 1 of the Lair of Beasts
  4094 | Lair:1   | Learned a level 3 spell: Mephitic Cloud
  4110 | Lair:1   | Noticed a spiny frog
  4122 | Lair:1   | Killed a spiny frog
  4129 | Lair:1   | Reached skill level 1 in Poison Magic
  4136 | Lair:1   | Reached skill level 1 in Air Magic
  4136 | Lair:1   | Reached skill level 1 in Evocations
  4141 | Lair:1   | Reached XP level 11. HP: 50/95 MP: 15/19
  4261 | Lair:1   | Reached **** piety under Cheibriados
  4313 | Lair:1   | Reached skill level 5 in Earth Magic
  4476 | Lair:2   | Found a staircase to the Swamp.
  4476 | Lair:2   | Noticed a five-headed hydra
  4477 | Lair:2   | Noticed Toogi's ghost (journeyman HOFi)
  4488 | Lair:2   | Lost mutation: You are robust. (+10% HP) [potion of mutation]
  4488 | Lair:2   | Lost mutation: You are partially covered in thin metallic scales. (AC +2) [potion of mutation]
  4488 | Lair:2   | Lost mutation: You have a pair of small horns on your head. [potion of mutation]
  4488 | Lair:2   | Gained mutation: Your flesh is cold resistant. (rC+) [potion of mutation]
  4488 | Lair:2   | Gained mutation: You passively map a small area around you. [potion of mutation]
  4497 | Lair:2   | Killed Toogi's ghost
  4497 | Lair:2   | Reached skill level 5 in Shields
  4497 | Lair:2   | Reached skill level 5 in Transmutations
  4776 | Lair:3   | Found a staircase to the Snake Pit.
  4891 | Lair:3   | Reached ***** piety under Cheibriados
  4939 | Lair:2   | Reached skill level 5 in Evocations
  5061 | Lair:4   | Reached XP level 12. HP: 78/94 MP: 21/21
  5574 | Lair:5   | Noticed Snorg
  5590 | Lair:5   | Killed Snorg
  5790 | Lair:6   | Entered Level 6 of the Lair of Beasts
  5839 | Lair:6   | Reached ****** piety under Cheibriados
  6035 | Lair:6   | Reached XP level 13. HP: 99/99 MP: 24/24
  6263 | Lair:6   | Got a distressingly furry plate armour
  6276 | Lair:6   | Identified the +9 plate armour of Ashenzari's Envy {*Slow rCorr SInv} (You found it on level 6 of the Lair of Beasts)
  6347 | Lair:6   | Reached skill level 1 in Armour
  6350 | Lair:6   | Paralysed by a hornet for 3 turns
  6483 | Lair:6   | Reached skill level 10 in Earth Magic
  6601 | Snake:1  | Entered Level 1 of the Snake Pit
  6699 | Snake:1  | Reached skill level 5 in Armour
  6779 | Snake:1  | Found Bevakum's Magic Scroll Shoppe.
  6789 | Snake:1  | Bought a scroll of fear for 35 gold pieces
  6789 | Snake:1  | Bought a scroll of blinking for 75 gold pieces
  6789 | Snake:1  | Bought a scroll of enchant armour for 75 gold pieces
  6789 | Snake:1  | Bought a scroll of identify for 20 gold pieces
  6789 | Snake:1  | Bought a scroll of identify for 20 gold pieces
  6789 | Snake:1  | Bought 3 scrolls of teleportation for 90 gold pieces
  6792 | Snake:1  | Identified a scroll of acquirement
  6794 | Snake:1  | Got a crude cloak
  6805 | Snake:1  | Identified the +0 cloak of the Wumpus {rElec rC- Str+4} (You acquired it on level 1 of the Snake Pit)
  6813 | Snake:1  | Found Yruufino's Gadget Shop.
  6818 | Snake:1  | Reached skill level 10 in Transmutations
  6820 | Snake:1  | Found Hiwidas's Jewellery Emporium.
  6822 | Snake:1  | Found Niasmyr's Gadget Shop.
  6841 | Snake:1  | Bought a wand of clouds (3/9) for 315 gold pieces
  6906 | Snake:2  | Reached XP level 14. HP: 104/106 MP: 27/27
  7025 | Snake:3  | Got a bloodstained buckler
  7039 | Snake:3  | Identified the +3 buckler of Surprise {MR+ Regen+} (You found it on level 3 of the Snake Pit)
  7262 | Snake:4  | Entered Level 4 of the Snake Pit
  7262 | Snake:4  | Noticed a nagaraja
  7271 | Snake:4  | Killed a nagaraja
  7347 | Snake:4  | Noticed Agnes
  7354 | Snake:4  | Killed Agnes
  7533 | Snake:4  | Reached XP level 15. HP: 48/112 MP: 12/28
  7557 | Snake:4  | Noticed a nagaraja
  7562 | Snake:4  | Killed a nagaraja
  7606 | Snake:4  | Noticed a nagaraja
  7616 | Snake:4  | Killed a nagaraja
  7627 | Snake:4  | Noticed a nagaraja
  7628 | Snake:4  | Noticed a nagaraja
  7633 | Snake:4  | Killed a nagaraja
  7637 | Snake:4  | Killed a nagaraja
  7694 | Snake:4  | Noticed a nagaraja
  7704 | Snake:4  | Killed a nagaraja
  7743 | Snake:4  | Noticed a nagaraja
  7744 | Snake:4  | Noticed a nagaraja
  7754 | Snake:4  | Killed a nagaraja
  7755 | Snake:4  | Killed a nagaraja
  7792 | Snake:4  | Got a serpentine rune of Zot
  7818 | Snake:4  | Reached skill level 10 in Spellcasting
  8071 | Swamp:1  | Entered Level 1 of the Swamp
  8161 | Swamp:3  | Noticed Kirke
  8168 | Swamp:3  | Noticed a sphinx
  8179 | Swamp:3  | Killed Kirke
  8270 | Swamp:3  | Reached XP level 16. HP: 77/118 MP: 16/30
  8492 | Swamp:4  | Entered Level 4 of the Swamp
  8493 | Swamp:4  | Noticed Herrn's ghost (adept FoWn)
  8581 | Swamp:4  | Killed Herrn's ghost
  8711 | Swamp:4  | Noticed a thorn hunter
  8722 | Swamp:4  | Killed a thorn hunter
  8730 | Swamp:4  | Noticed a thorn hunter
  8746 | Swamp:4  | Killed a thorn hunter
  8770 | Swamp:4  | Noticed a thorn hunter
  8803 | Swamp:4  | Killed a thorn hunter
  8870 | Swamp:4  | Got a shimmering jade ring
  8872 | Swamp:4  | Identified the ring "Mofis" {-Tele rPois Dex+8} (You found it on level 4 of the Swamp)
  8898 | Swamp:4  | Got a decaying rune of Zot
  9006 | Swamp:2  | Got a bronze ring mail
  9017 | Swamp:2  | Identified the cursed +0 ring mail of Kunej {rC+} (You found it on level 2 of the Swamp)
  9022 | Swamp:2  | Got a heavy robe
  9075 | Swamp:2  | Reached skill level 10 in Armour
  9244 | D:11     | Noticed Urug
  9265 | D:11     | Killed Urug
  9353 | D:11     | Reached skill level 1 in Maces & Flails
  9389 | D:11     | Identified the cursed +0 robe of Sloth {rC++ Dex+3 Stlth+} (You found it on level 2 of the Swamp)
  9432 | D:11     | Noticed Erolcha
  9442 | D:11     | Killed Erolcha
  9560 | D:12     | Gained mutation: You have a somewhat thin skeletal structure. (Dex +2, Stealth) [mutagenic meat]
  9561 | D:12     | Gained mutation: You expend magic power (3 MP) to strengthen your wands. [mutagenic meat]
  9562 | D:12     | Lost mutation: Your mind is acute. (Int +2) [mutagenic meat]
  9564 | D:12     | Found a radiant altar of Vehumet.
  9658 | D:13     | Noticed Rupert
  9666 | D:13     | Killed Rupert
  9689 | D:13     | Reached XP level 17. HP: 126/126 MP: 13/31
  9696 | D:13     | Reached skill level 5 in Maces & Flails
  9736 | D:13     | Found a gate to the Vaults.
  9751 | Vaults:1 | Entered Level 1 of the Vaults
  9976 | Vaults:4 | Noticed an Executioner
  9978 | Vaults:4 | Reached skill level 10 in Dodging
  9984 | Vaults:4 | Reached skill level 10 in Fighting
 10173 | Vaults:5 | Entered Level 5 of the Vaults
 10188 | Vaults:5 | Reached skill level 10 in Maces & Flails
 10190 | Vaults:5 | Reached XP level 18. HP: 52/136 MP: 10/32
 10201 | Vaults:5 | Noticed a titan
 10257 | Vaults:4 | Learned a level 7 spell: Ring of Flames
 10271 | Vaults:5 | Killed a titan
 10271 | Vaults:5 | Reached skill level 1 in Fire Magic
 10287 | Vaults:5 | Noticed a quicksilver dragon
 10287 | Vaults:5 | Reached skill level 5 in Charms
 10294 | Vaults:4 | Killed a quicksilver dragon
 10327 | Vaults:5 | Noticed a quicksilver dragon
 10357 | Vaults:5 | Noticed a tentacled monstrosity
 10388 | Vaults:5 | Killed a tentacled monstrosity
 10390 | Vaults:5 | Noticed WhatIsLove's ghost (adept HOMo)
 10397 | Vaults:5 | Killed a quicksilver dragon
 10397 | Vaults:5 | Reached skill level 5 in Fire Magic
 10553 | Vaults:5 | Noticed a titan
 10559 | Vaults:5 | Killed a titan
 10579 | Vaults:5 | Noticed a titan
 10586 | Vaults:5 | Killed a titan
 10596 | Vaults:5 | Got a silver rune of Zot
 10624 | Vaults:5 | Noticed a titan
 10637 | Vaults:5 | Killed a titan
 10658 | Vaults:5 | Got a twisted lajatang
 10741 | Vaults:5 | Noticed an ancient lich
 10747 | Vaults:5 | Noticed a titan
 10747 | Vaults:5 | Noticed a quicksilver dragon
 10752 | Vaults:5 | Killed an ancient lich
 10752 | Vaults:5 | Reached XP level 19. HP: 98/142 MP: 22/33
 10754 | Vaults:5 | HP: 1/184 [stone giant (26)]
 10785 | Vaults:5 | HP: 6/184 [stone giant (27)]
 10898 | Vaults:5 | Noticed a golden dragon
 10908 | Vaults:5 | Killed a golden dragon
 11120 | Vaults:5 | Reached XP level 20. HP: 149/149 MP: 34/34
 11158 | Vaults:5 | Found Nautselo's Food Shoppe.
 11208 | Vaults:5 | Found Kiachon's Magic Scroll Shoppe.
 11212 | Vaults:5 | Bought a scroll of identify for 42 gold pieces
 11212 | Vaults:5 | Bought a scroll of identify for 42 gold pieces
 11212 | Vaults:5 | Bought a scroll of identify for 42 gold pieces
 11212 | Vaults:5 | Bought a scroll of teleportation for 63 gold pieces
 11212 | Vaults:5 | Bought a scroll of identify for 42 gold pieces
 11222 | Vaults:5 | Found Suturr's Food Shop.
 11467 | Vaults:3 | HP: 4/195 [lich/crystal spear (80)]
 11469 | Vaults:3 | Killed from afar by a lich

Vault maps used:
D:1:      scummos_arrival_hexagon, bh_walls_and_bars
D:2:      minmay_diamond_boxcup, minmay_cupped
D:3:      nicolae_overflow_hidden_temple
D:4:      first_bread, trog_wizard
D:5:      cheibrodos_fzero, serial_shops, shop, gup_sewer_entry_pipe
D:6:      serial_shops, shop
D:7:      minmay_temple_entry_trees
D:8:      serial_glass, glass_columns_b, glass_columns_c, glass_columns_a,
          glass_columns_b, glass_columns_c
D:10:     minmay_lair_entry_grove, serial_shops, shop,
          hangedman_pestilent_swarm, hive_lemuel, uniq_psyche
D:11:     orc_0_dummy, uniq_erolcha, uniq_urug
D:12:     basic_altar, uniq_gastronok
D:13:     david_vaults_3, basic_altar, kennysheep_generic_room_7
Temple:   roderic_octagonal_lattice_temple
Lair:1:   grunt_megastairs_2
Lair:2:   minmay_swamp_entry_reptiles
Lair:3:   minmay_snake_entry_guardpost_small, grunt_megastairs_4
Lair:4:   cheibrodos_lair_reptile_den, infiniplex_staircase_pool
Lair:5:   lemuel_reptile_caves, uniq_snorg
Lair:6:   minmay_lair_end_enchanted_forest, dpeg_slime_entry_enclosed_altar,
          serial_bayou_lagoon_a
Swamp:1:  evilmike_swamp_ruin_house_6, roderic_carrion_pond
Swamp:2:  evilmike_swamp_ruin_rubble_2, swamp_pool3,
          cheibrodos_swamp_pet_leeches
Swamp:3:  evilmike_swamp_ruin_house_2, uniq_kirke
Swamp:4:  swamp_basic_johnstein
Snake:1:  serial_shops, shop_scrolls, nicolae_snake_lava_pool,
          minmay_shop_grove, lemuel_fruit_tree
Snake:3:  cheibrodos_forgotten_conduit
Snake:4:  minmay_snake_end_coiled, nicolae_snake_double_loop,
          hangedman_snake_pattern, fake_guardian_serpent_vault, uniq_agnes
Vaults:1: v_misc_9, hangedman_vaults_nails,
          vaults_standard_mumra_enter_the_diamond, ontoclasm_vaults_gateway,
          ontoclasm_vaults_eye, vaults_room_grunt_arrival_ludios,
          ontoclasm_vaults_pinch, nicolae_vaults_little_squares_2,
          hangedman_vaults_slice, st_cross, vaults_room_semicircle,
          vaults_room_hallway, serial_shops, shop
Vaults:2: nicolae_vaults_yaktaur_gun_rack, vaults_room_pool,
          ontoclasm_vaults_tryst, v_pattern_4, hangedman_vaults_cutoff,
          v_misc_16, nicolae_vaults_little_squares_1
Vaults:3: v_misc_3, nicolae_vaults_network_quincunx,
          minmay_crypt_entry_nasty_monster, ontoclasm_vaults_ring_square,
          hangedman_vaults_maws, vaults_dpeg_diagonal, nicolae_vaults_rhombus_5,
          v_misc_24, v_alt_pattern_5
Vaults:4: vaults_dpeg_encased_lava, v_misc_27, hangedman_vaults_nails,
          ontoclasm_vaults_chip, v_alt_pattern_6, ontoclasm_vaults_bender,
          v_misc_11, v_alt_pattern_1, ontoclasm_vaults_spin,
          nicolae_vaults_meeting, nicolae_vaults_asterisk,
          ontoclasm_vaults_hangar, grunt_vaults_diagonal,
          vaults_room_stairs_pillars
Vaults:5: serial_shops
Sewer:    sewer_minmay_treatment

Skill      XL: |  1  2  3  4  5  6  7  8  9 10 11 12 13 14 15 16 17 18 19 20 |
---------------+-------------------------------------------------------------+-----
Unarmed Combat | 2 4 5 6 7 8 9 10 11 | 11.9
Fighting       | 1 2 3 4 5 7 8 9 10 11 | 11.0
Dodging        | 4 5 6 8 9 10 11 | 11.0
Invocations    | 4 5 6 8 |  8.1
Necromancy     | 6 7 |  7.2
Charms         | 3 4 8 9 |  9.5
Stealth        | 3 4 |  4.0
Spellcasting   | 5 6 7 9 10 | 10.3
Shields        | 3 5 6 7 |  7.4
Transmutations | 3 6 9 10 11 | 11.6
Earth Magic    | 4 7 9 10 11 | 11.7
Poison Magic   | 1 4 |  4.1
Air Magic      | 1 3 |  3.0
Evocations     | 1 5 8 9 |  9.6
Armour         | 6 7 9 10 | 10.0
Maces & Flails | 4 10 | 10.7
Fire Magic     | 7 8 9 |  9.0

Action                   |  1- 3 |  4- 6 |  7- 9 | 10-12 | 13-15 | 16-18 | 19-21 || total
-------------------------+-------+-------+-------+-------+-------+-------+-------++-------
Melee: Unarmed           |    62 |   248 |   435 |   821 |   594 |   731 |   143 ||  3034
       Bite              |     7 |    14 |    48 |   143 |   141 |   178 |    41 ||   572
       Punch             |     1 |     2 |    16 |     4 |       |       |       ||    23
       Headbutt          |       |       |     2 |    88 |       |       |       ||    90
       Eveningstar       |       |       |       |       |       |    17 |       ||    17
 Cast: Pain              |    38 |     1 |     2 |       |       |       |       ||    41
       Animate Skeleton  |     5 |     2 |     5 |    15 |     3 |       |       ||    30
       Regeneration      |     1 |     4 |    14 |    22 |    15 |    23 |     8 ||    87
       Animate Dead      |       |       |       |    15 |    24 |     4 |       ||    43
       Statue Form       |       |       |       |     1 |    23 |    29 |    10 ||    63
       Mephitic Cloud    |       |       |       |     1 |       |       |       ||     1
Invok: Slouch            |       |       |       |       |     8 |    10 |     5 ||    23
       Temporal Distorti |       |       |       |       |       |       |     1 ||     1
 Abil: End Transformatio |       |       |       |       |       |     2 |       ||     2
Evoke: Wand              |       |    11 |     5 |     9 |       |    10 |       ||    35
       Lamp of fire      |       |       |       |       |       |     1 |       ||     1
  Use: Scroll            |     3 |     3 |     3 |     8 |    11 |    11 |     5 ||    44
       Potion            |       |       |     3 |     8 |       |       |     7 ||    18
 Stab: Distracted        |     1 |       |     2 |     4 |    10 |     1 |       ||    18
       Sleeping          |       |     3 |     2 |     5 |     3 |    10 |       ||    23
       Confused          |       |       |       |     2 |       |       |       ||     2
  Eat: Chunk             |       |     4 |    15 |     7 |     8 |    13 |     1 ||    48
       Royal jelly       |       |       |       |     1 |     2 |     3 |       ||     6
       Bread ration      |       |       |       |       |       |     1 |     1 ||     2
       Meat ration       |       |       |       |       |       |     1 |       ||     1
Armor: Robe              |    15 |    64 |    71 |    21 |       |       |       ||   171
       Skin              |       |       |       |    47 |   231 |   316 |    63 ||   657
       Leather armour    |       |       |       |    75 |    25 |     6 |       ||   106
       Plate armour      |       |       |       |       |    35 |     2 |       ||    37
       Ring mail         |       |       |       |       |       |    11 |     5 ||    16
Dodge: Dodged            |    29 |   216 |   436 |   532 |   681 |   887 |   155 ||  2936
Block: Other             |       |       |     2 |    10 |       |       |       ||    12
       Buckler           |       |       |       |   376 |   590 |   958 |   138 ||  2062
       Shield            |       |       |       |       |   118 |       |       ||   118
